 Dungeon Crawl Stone Soup version 0.14-a0-2162-g062a2ce (webtiles) character file.

1823 Mitsuki the Unseen (level 8, 0/37 HPs)
             Began as a Spriggan Assassin on Jan 28, 2014.
             Was a Follower of Ashenzari.
             Slain by a gnoll shaman
             ... wielding a +1,+1 whip of electrocution
              (13 damage)
             ... on Level 7 of the Dungeon.
             The game lasted 00:35:46 (9876 turns).

Mitsuki the Unseen (Spriggan Assassin)              Turns: 9876, Time: 00:35:47

HP   0/37        AC  4     Str  8      XL: 8   Next: 63%
MP  17/17        EV 17     Int 12      God: Ashenzari [*.....]
Gold 216         SH  0     Dex 19      Spells:  0 memorised,  7 levels left

rFire  . . .     SeeInvis +     a - +4 orc short sword
rCold  . . .     Clarity  .     k - +1 orc robe (curse)
rNeg   . . .     Conserve .     (shield restricted)
rPois  .         rCorr    .     (helmet restricted)
rElec  .         rRot     .     d - +0 cloak
SustAb . .       Spirit   .     (gloves unavailable)
rMut   .         Warding  .     (boots unavailable)
Saprov . . .     Stasis   .     (no amulet)
MR     +....                    (no ring)
                                D - cursed ring of flight

@: very quick, somewhat resistant to hostile enchantments, extraordinarily
stealthy
A: unfitting armour, see invisible, herbivore 3, speed 3, slow metabolism 2
a: Renounce Religion, Evoke Flight


You were on level 7 of the Dungeon.
You worshipped Ashenzari.
Ashenzari was aware of your devotion.
You were full.

You visited 2 branches of the dungeon, and saw 8 of its levels.
You also visited: Sewer.

You collected 276 gold pieces.
You spent 60 gold pieces at shops.

Inventory:

Hand weapons
 a - a +4,+4 orcish short sword (weapon)
 b - a +0 blowgun
 h - a +2,+2 dagger
 j - a +1,+1 dagger of chaos
Missiles
 e - 3 poisoned needles
 f - 2 curare-tipped needles
Armour
 d - a +0 cloak (worn)
 k - a cursed +1 orcish robe (worn)
Magical devices
 y - a wand of polymorph (23)
Comestibles
 o - 3 bread rations
 A - a pear
 F - a rambutan
 G - a choko
Scrolls
 c - a scroll of enchant armour
 n - 4 scrolls of amnesia
 p - 4 scrolls of identify
 r - 4 scrolls of curse armour
 u - a scroll of enchant weapon II
 v - 3 scrolls of teleportation
 x - a scroll of immolation
 B - a scroll of remove curse
 C - 3 scrolls of curse weapon
 E - 4 scrolls of blinking
Jewellery
 D - a cursed ring of flight (left hand)
 H - an uncursed ring of fire
Potions
 g - a potion of invisibility {unknown}
 i - a potion of berserk rage {unknown}
 l - 2 potions of curing
 m - a potion of might {unknown}
 q - 2 potions of brilliance {unknown}
 s - a potion of poison {unknown}
 t - 2 potions of flight {unknown}
 w - 2 potions of magic {unknown}
 z - 2 potions of agility {unknown}


   Skills:
 - Level 1.5 Fighting
 - Level 2.1 Short Blades
 - Level 2.1 Throwing
 - Level 1.5 Dodging
 + Level 16.5 Stealth
 - Level 0.8 Evocations


You had 7 spell levels left.
You didn't know any spells.

Dungeon Overview and Level Annotations

Branches:
Dungeon (7/16)             Temple (1/1) D:5

Altars:
Ashenzari
Cheibriados
Dithmengos
Elyvilon
Fedhas
Kikubaaqudgha
Makhleb
Nemelex Xobeh
Okawaru
Sif Muna
Trog
Vehumet
Xom
Yredelemnul
Zin
The Shining One

Shops:
D:5 *   D:6 ==[!

Annotations:
D:3 nyfair's ghost, average FoAE
D:5 Crazy Yiuf


Innate Abilities, Weirdness & Mutations

You are tiny and cannot use many weapons and most armour.
You have supernaturally acute eyesight.
You are a herbivore.
You cover ground extremely quickly.
You need consume almost no food.


Message History

a - a +4,+4 orcish short sword (weapon)
The gnoll shaman misses you.
You hit the gnoll shaman.
The gnoll shaman is heavily wounded.
The gnoll shaman closely misses you.
You hit the gnoll shaman.
The gnoll shaman is severely wounded.
The gnoll shaman closely misses you.
You hit the gnoll shaman but do no damage.
The gnoll shaman is severely wounded.
The gnoll shaman hits you but does no damage.
You hit the gnoll shaman.
The gnoll shaman is almost dead.
The gnoll shaman hits you with a glowing whip.
You are electrocuted!
You barely miss the gnoll shaman.
The gnoll shaman is almost dead.
The gnoll shaman hits you with a whip of electrocution.
You are electrocuted!
You die...

..⌠.⌠.##.# #.#
......##.# #.#
...##.# #.# ...
#.######.#
g...........##
...........#
###.##.#######.#
.........((g##.#
######.####gg@.#
.........####
###.####.# #.#
#.# #.# #.# #.#
#.#


You could see a gnoll shaman and 2 gnolls.

Vanquished Creatures
  An ice beast (D:6)
  An ogre (D:6)
  2 centaurs
  3 giant frogs
  2 vampire bats (D:3)
  A giant frog zombie (D:6)
  A big fish (D:5)
  3 hounds
  3 crimson imps
  A gnoll shaman (D:6)
  4 orc priests
  2 orc wizards
  4 worker ants
  An iguana (D:4)
  A scorpion (D:5)
  A killer bee zombie (D:5)
  Ijyb (D:3)
  Jessica (D:2)
  Terence (D:3)
  6 gnolls (D:6)
  13 adders
  6 worms
  4 giant geckos
  4 oozes
  6 orcs
  2 ball pythons
  2 bat skeletons
  2 bat zombies (D:3)
  8 giant cockroaches
  13 goblins
  14 hobgoblins
  2 jackals (D:3)
  10 kobolds
  2 quokkas
  10 bats
  6 giant newts
  A jackal zombie (D:6)
  8 rats
  A rat skeleton (D:5)
154 creatures vanquished.

Notes
Turn   | Place    | Note
--------------------------------------------------------------
     0 | D:1      | Mitsuki, the Spriggan Assassin, began the quest for the Orb.
     0 | D:1      | Reached XP level 1. HP: 10/10 MP: 2/2
    15 | D:1      | Reached skill level 6 in Stealth
   821 | D:2      | Reached XP level 2. HP: 14/14 MP: 4/4
   966 | D:2      | Reached skill level 7 in Stealth
  1294 | D:2      | Noticed Jessica
  1330 | D:2      | Reached XP level 3. HP: 11/18 MP: 6/6
  1334 | D:2      | Killed Jessica
  1334 | D:2      | Reached skill level 8 in Stealth
  1638 | D:2      | Reached XP level 4. HP: 19/22 MP: 8/8
  2084 | D:2      | Reached skill level 9 in Stealth
  2482 | D:3      | Noticed nyfair's ghost (average FoAE)
  2780 | D:3      | Reached XP level 5. HP: 5/25 MP: 10/10
  3045 | D:3      | Reached skill level 10 in Stealth
  3099 | D:3      | Found an ancient bone altar of Kikubaaqudgha.
  3138 | D:3      | Noticed Ijyb
  3143 | D:3      | Killed Ijyb
  3143 | D:3      | Reached skill level 11 in Stealth
  3143 | D:3      | Reached XP level 6. HP: 30/30 MP: 12/12
  3154 | D:3      | Found an iron altar of Okawaru.
  3155 | D:3      | Found a glowing golden altar of the Shining One.
  3370 | D:3      | Noticed Terence
  3373 | D:3      | Killed Terence
  4087 | D:4      | Reached skill level 12 in Stealth
  4367 | D:4      | Found a shimmering altar of Xom.
  4500 | D:4      | Paralysed by a crimson imp for 7 turns
  4517 | D:4      | Reached XP level 7. HP: 13/33 MP: 14/14
  5113 | D:4      | Found Zin's Purification Station.
  5118 | D:4      | Found a glowing silver altar of Zin.
  5121 | D:4      | Bought a potion of curing for 60 gold pieces
  5552 | D:5      | Entered Level 5 of the Dungeon
  5552 | D:5      | Found Mulun's Off-Brand Ammunition.
  5605 | D:5      | Noticed Crazy Yiuf
  5634 | D:5      | Found a staircase to the Ecumenical Temple.
  5645 | Temple   | Entered the Ecumenical Temple
  6075 | Temple   | Became a worshipper of Ashenzari the Shackled
  6348 | D:5      | Reached skill level 13 in Stealth
  6460 | D:5      | Found a glowing drain.
  6583 | Sewer    | Entered a sewer
  7577 | D:6      | Found Mnef's Jewellery Shop.
  7589 | D:6      | Found Craborghy's Jewellery Boutique.
  7825 | D:6      | Reached skill level 14 in Stealth
  8072 | D:6      | Reached XP level 8. HP: 37/37 MP: 17/17
  8346 | D:6      | Found Jianoq's Armour Shop.
  8459 | D:6      | Reached skill level 15 in Stealth
  9328 | D:6      | Reached skill level 16 in Stealth
  9417 | D:6      | Found Frovied's Distillery.
  9463 | D:6      | Found a burning altar of Makhleb.
  9467 | D:6      | Found a deep blue altar of Sif Muna.
  9472 | D:6      | Found a white marble altar of Elyvilon.
  9815 | D:7      | Found a sparkling altar of Nemelex Xobeh.
  9876 | D:7      | Slain by a gnoll shaman

Action                   |  1- 3 |  4- 6 |  7- 9 || total
-------------------------+-------+-------+-------++-------
Melee: Dagger            |   126 |   117 |       ||   243
       Short sword       |       |   137 |   334 ||   471
 Fire: Blowgun           |       |       |    55 ||    55
 Abil: Evoke Flight      |       |       |     1 ||     1
Evoke: Wand              |       |     1 |     1 ||     2
  Use: Potion            |     3 |     3 |     5 ||    11
       Scroll            |       |       |    12 ||    12
 Stab: Sleeping          |     5 |    31 |    27 ||    63
       Distracted        |       |     1 |     1 ||     2
